Laval Rockets vs Texas Stars

Created - 26 septembre 2019 at 16:09

Simulating a Pre-Season

Goals
1 2 3 OT1 T
Laval Rockets 2 0 3 0 5
Texas Stars 2 2 1 1 6
Shots
1 2 3 OT1 T
Laval Rockets 11 9 19 0 39
Texas Stars 13 10 10 1 34

1st period

1. Laval Rockets , Valeri Nichushkin 6 (Jordan Weal 1, Casey Nelson 6) at 9:28
2. Laval Rockets , Jordan Weal 1 (Valeri Nichushkin 4, Tomas Nosek 8) at 12:58
3. Texas Stars , Josh Currie 4 (Alan Quine 5) at 16:57 (PP)
4. Texas Stars , Juuso Riikola 1 (Luke Johnson 3, Cal Foote 4) at 19:55 (PP)

Penalties :
Joseph Cramarossa (STA) for Holding (Minor) at 6:33, Rasmus Asplund (BUL) for Roughing (Minor) at 16:56, Henri Jokiharju (BUL) for Interference (Minor) at 19:18

2nd period

5. Texas Stars , Connor Brickley 4 (Josh Currie 6, Alan Quine 6) at 11:07 (PP)
6. Texas Stars , Colin Blackwell 1 (Brad Hunt 4) at 13:46

Penalties :
Cal Foote (STA) for Roughing (Minor) at 0:22, Phil Varone (STA) for Boarding (Minor) at 4:11, Brendan Guhle (BUL) for Hooking (Minor) at 8:22, David Ullstrom (BUL) for Roughing (Minor) at 11:03, Jayce Hawryluk (BUL) for Cross-checking (Minor) at 17:16

3rd period

7. Texas Stars , Sam Lafferty 7 (Luke Johnson 4, Cal Foote 5) at 1:28 (PP)
8. Laval Rockets , Alexander Nylander 8 (David Ullstrom 1) at 1:53
9. Laval Rockets , Jayce Hawryluk 3 (Alexander Nylander 12, Henri Jokiharju 6) at 4:12
10. Laval Rockets , Giovanni Fiore 2 (Ryan Fitzgerald 3, Jayden Halbgewachs 1) at 7:58

Penalties :
David Ullstrom (BUL) for Unsportsmanlike conduct (Minor) at 0:55

Overtime #1

11. Texas Stars , Josh Currie 5 (Brad Hunt 5) at 4:21

Penalties :
No Penalty

Goalie Stats

Parker Milner (BUL), 19 saves from 24 shots - (0,792), 41:28 minutes
Landon Bow (BUL), 9 saves from 10 shots - (0,900), OTL, 2-0-1, 22:53 minutes
Nick Schneider (STA), 34 saves from 39 shots - (0,872), W, 3-0-0, 64:21 minutes

Players Stats for Laval Rockets

Player Name              G  A  P  +/- PIM S  H  SB GA TA FO     MP     PP MP  PK MP  
------------------------------------------------------------------------------------
Adam Brooks              0  0  0  -1  0   0  0  0  0  1  1/5    12:34   0:00   1:27 
Alexander Nylander       1  1  2   1  0   5  0  0  0  0  0/3    19:07   2:39   1:42 
Brendan Guhle            0  0  0   1  2   7  1  1  1  0  0/0    20:16   2:09   1:15 
Casey Nelson             0  1  1   1  0   3  2  1  0  1  0/0    23:51   2:09   2:32 
Chris Breen              0  0  0  -1  0   0  0  0  0  0  0/0    12:29   0:00   0:46 
Chris Butler             0  0  0   3  0   1  3  1  0  2  0/0    30:46   3:48   2:29 
David Ullstrom           0  1  1   1  4   0  0  1  0  0  12/18  17:37   2:39   0:38 
Giovanni Fiore           1  0  1   1  0   2  1  0  0  0  0/0     7:09   0:00   0:00 
Henri Jokiharju          0  1  1   3  2   0  4  1  1  2  0/0    28:34   3:48   2:29 
Jayce Hawryluk           1  0  1   1  2   4  3  0  0  0  0/0    15:38   2:39   0:00 
Jayden Halbgewachs       0  1  1   0  0   0  1  0  1  0  0/0    10:12   0:09   1:28 
Jordan Weal              1  1  2   2  0   7  3  2  5  0  17/29  24:50   3:18   2:07 
Logan O'Connor           0  0  0   0  0   1  1  0  1  0  0/0    10:57   0:09   0:00 
Radim Simek              0  0  0  -1  0   0  1  1  0  0  0/0    12:44   0:00   0:55 
Rasmus Asplund           0  0  0   0  2   1  1  2  0  1  0/0    10:43   0:00   0:00 
Ryan Fitzgerald          0  1  1   1  0   2  0  0  0  0  1/1     7:09   0:00   0:00 
Tomas Nosek              0  1  1   2  0   3  0  2  1  0  4/11   24:37   3:09   2:07 
Valeri Nichushkin        1  1  2   2  0   3  6  0  2  0  0/1    22:52   3:09   0:57 

Players Stats for Texas Stars

Player Name              G  A  P  +/- PIM S  H  SB GA TA FO     MP     PP MP  PK MP  
------------------------------------------------------------------------------------
Alan Quine               0  2  2  -2  0   3  1  2  2  2  22/44  24:47   1:43   3:12 
Alex Breton              0  0  0  -1  0   0  1  0  0  0  0/0    11:26   0:00   0:15 
Brad Hunt                0  2  2   2  0   1  2  0  0  2  0/0    24:15   1:40   2:55 
Cal Foote                0  2  2  -4  2   2  3  3  1  1  0/0    33:11   3:33   2:16 
Cale Fleury              0  0  0   1  0   2  1  2  1  0  0/0    26:43   1:40   2:05 
Colin Blackwell          1  0  1   0  0   2  0  0  0  0  0/1     9:07   0:21   1:10 
Connor Brickley          1  0  1  -2  0   4  3  1  0  0  0/1    24:45   1:41   3:12 
Joseph Cramarossa        0  0  0   0  2   0  1  0  0  0  0/0     6:27   0:00   0:00 
Josh Currie              2  1  3  -1  0   7  3  0  0  0  0/0    22:36   1:41   1:47 
Juuso Riikola            1  0  1  -4  0   3  3  4  0  3  0/0    29:56   3:33   3:37 
Luke Johnson             0  2  2   0  0   3  1  0  0  0  5/14   17:54   2:42   1:47 
Luke Witkowski           0  0  0  -1  0   1  0  0  0  1  0/0    17:32   2:42   1:09 
Michael Dal Colle        0  0  0  -1  0   4  1  1  0  0  0/0    12:03   0:38   0:00 
Phil Varone              0  0  0  -1  2   0  0  0  2  0  5/7    14:15   0:50   0:23 
Sam Lafferty             1  0  1  -1  0   2  3  0  1  1  1/1    15:04   2:45   0:00 
Spencer Smallman         0  0  0   0  0   0  1  0  0  0  0/0     6:26   0:00   0:00 
Tobias Lindberg          0  0  0  -1  0   0  1  0  0  2  0/0    11:22   0:00   0:00 
Ty Dellandrea            0  0  0   0  0   0  0  0  0  0  0/0     3:35   0:36   0:00 

3 Stars

1 - Josh Currie (STA)
2 - Valeri Nichushkin (BUL)
3 - Jordan Weal (BUL)

Power Play

Laval Rockets - 0 on 3 Attempt(s) - 0,00%
Texas Stars - 4 on 6 Attempt(s) - 66,67%

Penalty Kill

Laval Rockets - 2 on 6 Attempt(s) - 33,33% - Score 0 goal in Penalty Kill
Texas Stars - 3 on 3 Attempt(s) - 100,00% - Score 0 goal in Penalty Kill

Team Stat

Laval Rockets - Hits : 27 - Faceoff Wins : 35 - Blocked Shots : 12 - Penalty Minutes : 12
Texas Stars - Hits : 25 - Faceoff Wins : 33 - Blocked Shots : 13 - Penalty Minutes : 6

Official

Referees : Unknown
Linesman : Unknown

Game Notes

Landon Bow enters game at 1:28 of 3rd period

Laval Rockets

5 vs 5 Forward 
   Center                   Left Wing                Right Wing               Time % Phy DF OF 
 1 Jordan Weal              Tomas Nosek              Valeri Nichushkin        40     0   2  2  
 2 David Ullstrom           Alexander Nylander       Jayce Hawryluk           30     1   2  2  
 3 Adam Brooks              Rasmus Asplund           Logan O'Connor           20     1   2  2  
 4 Ryan Fitzgerald          Jayden Halbgewachs       Giovanni Fiore           10     1   2  2  

5 vs 5 Defense 
   Defense                  Defense                                           Time % Phy DF OF 
 1 Henri Jokiharju          Chris Butler                                      40     1   2  2  
 2 Brendan Guhle            Casey Nelson                                      30     1   2  2  
 3 Radim Simek              Chris Breen                                       20     1   2  2  
 4 Chris Butler             Casey Nelson                                      10     1   2  2  

PowerPlay Forward 
   Center                   Left Wing                Right Wing               Time % Phy DF OF 
 1 Jordan Weal              Tomas Nosek              Valeri Nichushkin        60     0   2  3  
 2 David Ullstrom           Alexander Nylander       Jayce Hawryluk           40     0   2  3  

PowerPlay Defense
   Defense                  Defense                                           Time % Phy DF OF 
 1 Henri Jokiharju          Chris Butler                                      60     0   2  3  
 2 Brendan Guhle            Casey Nelson                                      40     0   2  3  

Penalty Kill 4 Players Forward 
   Center                   Wing                     Time % Phy DF OF 
 1 Tomas Nosek              Jordan Weal              60     1   2  2  
 2 Alexander Nylander       Valeri Nichushkin        40     1   2  2  

Penalty Kill 4 Players Defense
   Defense                  Defense                  Time % Phy DF OF 
 1 Henri Jokiharju          Chris Butler             60     1   2  2  
 2 Casey Nelson             Brendan Guhle            40     1   2  2  

Penalty Kill - 3 Players Forward 
   Forward                                           Time % Phy DF OF 
 1 Tomas Nosek                                       60     1   2  2  
 2 Jordan Weal                                       40     1   2  2  

Penalty Kill - 3 Players Defense
   Defense                  Defense                  Time % Phy DF OF 
 1 Henri Jokiharju          Chris Butler             60     1   2  2  
 2 Casey Nelson             Brendan Guhle            40     1   2  2  

4 vs 4 Forward 
   Center                   Wing                     Time % Phy DF OF 
 1 Tomas Nosek              Jordan Weal              60     1   2  2  
 2 Alexander Nylander       Valeri Nichushkin        40     1   2  2  

4 vs 4 Defense
   Defense                  Defense                  Time % Phy DF OF 
 1 Henri Jokiharju          Chris Butler             60     1   2  2  
 2 Casey Nelson             Brendan Guhle            40     1   2  2  

Last Minutes Offensive
   Center                   Left Wing                Right Wing               Defense                  Defense                  
   Casey Nelson             Tomas Nosek              Jordan Weal              Henri Jokiharju          Chris Butler             

Last Minutes Defensive
   Center                   Left Wing                Right Wing               Defense                  Defense                  
   Casey Nelson             Tomas Nosek              Jordan Weal              Henri Jokiharju          Chris Butler             

Goaltenders
Starting : Parker Milner            
Backup : Landon Bow               

Extra Forwards
Normal : Jayden Halbgewachs, David Ullstrom, Adam Brooks - PP : Jayden Halbgewachs, David Ullstrom - PK : Adam Brooks
Extra Defensemen
Normal : Radim Simek, Chris Breen, Brendan Guhle - PP : Radim Simek - PK : Chris Breen, Brendan Guhle
Penalty Shots
Alexander Nylander, Adam Brooks, Logan O'Connor, Jayden Halbgewachs, Giovanni Fiore

Scratches
Tomas Hyka (Healthy), Kyle Criscuolo (Healthy), Tim Erixon (Healthy), Antoine Waked (Healthy), Alexandre Grenier (Healthy)
Simon Benoit (Healthy), Michael Pezzetta (Healthy), Chaz Reddekopp (Healthy), Tyler Lewington (Healthy), Adam Ollas Mattsson (Healthy)
Andrew Sturtz (Healthy), Chad Johnson (Healthy)

Texas Stars

5 vs 5 Forward 
   Center                   Left Wing                Right Wing               Time % Phy DF OF 
 1 Alan Quine               Connor Brickley          Josh Currie              40     1   2  2  
 2 Luke Johnson             Luke Witkowski           Sam Lafferty             30     1   2  2  
 3 Phil Varone              Michael Dal Colle        Tobias Lindberg          20     1   2  2  
 4 Colin Blackwell          Joseph Cramarossa        Spencer Smallman         10     1   2  2  

5 vs 5 Defense 
   Defense                  Defense                                           Time % Phy DF OF 
 1 Cal Foote                Juuso Riikola                                     40     1   2  2  
 2 Cale Fleury              Brad Hunt                                         30     1   2  2  
 3 Alex Breton              Cal Foote                                         20     1   2  2  
 4 Juuso Riikola            Cale Fleury                                       10     1   2  2  

PowerPlay Forward 
   Center                   Left Wing                Right Wing               Time % Phy DF OF 
 1 Alan Quine               Connor Brickley          Josh Currie              60     1   2  2  
 2 Luke Johnson             Luke Witkowski           Sam Lafferty             40     1   2  2  

PowerPlay Defense
   Defense                  Defense                                           Time % Phy DF OF 
 1 Cal Foote                Juuso Riikola                                     60     1   2  2  
 2 Cale Fleury              Brad Hunt                                         40     1   2  2  

Penalty Kill 4 Players Forward 
   Center                   Wing                     Time % Phy DF OF 
 1 Alan Quine               Connor Brickley          60     1   2  2  
 2 Josh Currie              Luke Johnson             40     1   2  2  

Penalty Kill 4 Players Defense
   Defense                  Defense                  Time % Phy DF OF 
 1 Cal Foote                Juuso Riikola            60     1   2  2  
 2 Cale Fleury              Brad Hunt                40     1   2  2  

Penalty Kill - 3 Players Forward 
   Forward                                           Time % Phy DF OF 
 1 Alan Quine                                        60     1   2  2  
 2 Connor Brickley                                   40     1   2  2  

Penalty Kill - 3 Players Defense
   Defense                  Defense                  Time % Phy DF OF 
 1 Cal Foote                Juuso Riikola            60     1   2  2  
 2 Cale Fleury              Brad Hunt                40     1   2  2  

4 vs 4 Forward 
   Center                   Wing                     Time % Phy DF OF 
 1 Alan Quine               Connor Brickley          60     1   2  2  
 2 Josh Currie              Luke Johnson             40     1   2  2  

4 vs 4 Defense
   Defense                  Defense                  Time % Phy DF OF 
 1 Cal Foote                Juuso Riikola            60     1   2  2  
 2 Cale Fleury              Brad Hunt                40     1   2  2  

Last Minutes Offensive
   Center                   Left Wing                Right Wing               Defense                  Defense                  
   Alan Quine               Connor Brickley          Josh Currie              Cal Foote                Juuso Riikola            

Last Minutes Defensive
   Center                   Left Wing                Right Wing               Defense                  Defense                  
   Alan Quine               Connor Brickley          Josh Currie              Cal Foote                Juuso Riikola            

Goaltenders
Starting : Nick Schneider           
Backup : Malcolm Subban           

Extra Forwards
Normal : Ty Dellandrea, Phil Varone, Colin Blackwell - PP : Ty Dellandrea, Phil Varone - PK : Colin Blackwell
Extra Defensemen
Normal : Alex Breton, Luke Witkowski, Brad Hunt - PP : Alex Breton - PK : Luke Witkowski, Brad Hunt
Penalty Shots
Alan Quine, Connor Brickley, Josh Currie, Luke Johnson, Luke Witkowski

Scratches
Francois Beauchemin (Healthy), Danick Martel (Healthy), Dustin Tokarski (Healthy), Richard Bachman (Healthy)

% Time on Ice - Laval Rockets

Lines # - Real PCT - Wanted PCT - Time Play
Normal Forward
1 - 37% - 40% - 18:02
2 - 26% - 30% - 12:55
3 - 22% - 20% - 10:44
4 - 15% - 10% - 7:09
Normal Defense
1 - 41% - 40% - 19:47
2 - 31% - 30% - 15:16
3 - 24% - 20% - 11:36
4 - 4% - 10% - 2:11
PP Forward
1 - 55% - 60% - 3:18
2 - 45% - 40% - 2:39
PP Defense
1 - 64% - 60% - 3:48
2 - 36% - 40% - 2:09
PK Forward
1 - 82% - 60% - 4:16
2 - 18% - 40% - 0:57
PK Defense
1 - 51% - 60% - 2:41
2 - 49% - 40% - 2:32
PK3 Forward
1 - 0% - 60%
2 - 0% - 40%
PK3 Defense
1 - 0% - 60%
2 - 0% - 40%
44 Forward
1 - 68% - 60% - 2:57
2 - 32% - 40% - 1:24
44 Defense
1 - 61% - 60% - 2:38
2 - 39% - 40% - 1:43
Last Minute Offensive  - 0:00
Last Minute Defensive  - 0:00
Total
Forward - 64:21
Defense - 64:21

% Time on Ice - Texas Stars

Lines # - Real PCT - Wanted PCT - Time Play
Normal Forward
1 - 38% - 40% - 18:43
2 - 25% - 30% - 12:19
3 - 23% - 20% - 11:22
4 - 13% - 10% - 6:26
Normal Defense
1 - 37% - 40% - 18:17
2 - 35% - 30% - 16:54
3 - 21% - 20% - 10:06
4 - 7% - 10% - 3:33
PP Forward
1 - 41% - 60% - 2:09
2 - 59% - 40% - 3:04
PP Defense
1 - 68% - 60% - 3:33
2 - 32% - 40% - 1:40
PK Forward
1 - 70% - 60% - 4:10
2 - 30% - 40% - 1:47
PK Defense
1 - 65% - 60% - 3:52
2 - 35% - 40% - 2:05
PK3 Forward
1 - 0% - 60%
2 - 0% - 40%
PK3 Defense
1 - 0% - 60%
2 - 0% - 40%
44 Forward
1 - 75% - 60% - 3:15
2 - 25% - 40% - 1:06
44 Defense
1 - 53% - 60% - 2:18
2 - 47% - 40% - 2:03
Last Minute Offensive  - 0:00
Last Minute Defensive  - 0:00
Total
Forward - 64:21
Defense - 64:21

Play-by-Play

1st period


0:01 of 1st period - Alan Quine wins face-off versus Jordan Weal in neutral zone.
0:26 of 1st period - Juuso Riikola is hit by Henri Jokiharju and loses puck.
3:13 of 1st period - Off-side.
3:14 of 1st period - David Ullstrom wins face-off versus Alan Quine in neutral zone.
3:23 of 1st period - Snap shot by Connor Brickley.
3:23 of 1st period - Shot Misses the Net.
3:25 of 1st period - Wrist shot by Connor Brickley.
3:25 of 1st period - Stopped by Parker Milner without a rebound.
3:26 of 1st period - Alan Quine wins face-off versus Jordan Weal in Laval Rockets zone.
4:15 of 1st period - Tobias Lindberg is hit by Henri Jokiharju and loses puck.
4:44 of 1st period - Casey Nelson is hit by Brad Hunt and loses puck.
5:07 of 1st period - Wrist shot by Josh Currie.
5:07 of 1st period - Shot Misses the Net.
5:09 of 1st period - Slapshot by Cal Foote.
5:09 of 1st period - Deflect By Connor Brickley.
5:09 of 1st period - Shot Misses the Net.
5:09 of 1st period - Puck is out of play.
5:10 of 1st period - David Ullstrom wins face-off versus Luke Johnson in Laval Rockets zone.
5:10 of 1st period - David Ullstrom is hit by Sam Lafferty.
5:16 of 1st period - Juuso Riikola is hit by Jayce Hawryluk and loses puck.
5:45 of 1st period - Juuso Riikola is hit by Valeri Nichushkin.
5:55 of 1st period - Snap shot by Jordan Weal.
5:55 of 1st period - Shot Misses the Net.
6:01 of 1st period - Backhand shot by Adam Brooks.
6:01 of 1st period - Shot Blocked by Cale Fleury.
6:33 of 1st period - Minor Penalty to Joseph Cramarossa for Holding.
6:34 of 1st period - Jordan Weal wins face-off versus Alan Quine in Texas Stars zone.
7:03 of 1st period - Wrist shot by Alexander Nylander.
7:03 of 1st period - Shot Blocked by Juuso Riikola.
7:05 of 1st period - Snap shot by Casey Nelson.
7:05 of 1st period - Shot Blocked by Juuso Riikola.
7:07 of 1st period - Slapshot by Brendan Guhle.
7:07 of 1st period - Stopped by Nick Schneider without a rebound.
7:08 of 1st period - Alan Quine wins face-off versus Jordan Weal in Texas Stars zone.
7:34 of 1st period - Icing by Chris Butler.
7:35 of 1st period - Alan Quine wins face-off versus David Ullstrom in Laval Rockets zone.
8:14 of 1st period - Slapshot by Luke Johnson.
8:14 of 1st period - Stopped by Parker Milner with a rebound.
8:16 of 1st period - Snap shot by Luke Johnson.
8:16 of 1st period - Shot Misses the Net.
8:33 of 1st period - Penalty to Joseph Cramarossa is over, Joseph Cramarossa is back on ice.
9:26 of 1st period - Slapshot by Jordan Weal.
9:26 of 1st period - Shot Blocked by Cal Foote.
9:28 of 1st period - Wrist shot by Valeri Nichushkin.
9:28 of 1st period - Goal by Valeri Nichushkin - Laval Rockets : 1 - Texas Stars : 0.
9:29 of 1st period - Jordan Weal wins face-off versus Alan Quine in neutral zone.
9:56 of 1st period - Alan Quine is hit by Chris Butler and loses puck.
10:05 of 1st period - Snap shot by Logan O'Connor.
10:05 of 1st period - Shot Misses the Net.
10:07 of 1st period - Snap shot by Rasmus Asplund.
10:07 of 1st period - Stopped by Nick Schneider without a rebound.
10:08 of 1st period - Luke Johnson wins face-off versus Alexander Nylander in Texas Stars zone.
10:13 of 1st period - Snap shot by Cal Foote.
10:13 of 1st period - Shot Misses the Net.
10:49 of 1st period - Snap shot by Cal Foote.
10:49 of 1st period - Stopped by Parker Milner with a rebound.
10:55 of 1st period - Slapshot by Sam Lafferty.
10:55 of 1st period - Shot Misses the Net.
11:18 of 1st period - Off-side.
11:19 of 1st period - Ryan Fitzgerald wins face-off versus Phil Varone in neutral zone.
11:40 of 1st period - Slapshot by Ryan Fitzgerald.
11:40 of 1st period - Deflect By Giovanni Fiore.
11:40 of 1st period - Stopped by Nick Schneider with a rebound.
11:42 of 1st period - Slapshot by Casey Nelson.
11:42 of 1st period - Stopped by Nick Schneider with a rebound.
11:44 of 1st period - Snap shot by Ryan Fitzgerald.
11:44 of 1st period - Stopped by Nick Schneider with a rebound.
12:28 of 1st period - Slapshot by Jayden Halbgewachs.
12:28 of 1st period - Deflect By Giovanni Fiore.
12:28 of 1st period - Shot Misses the Net.
12:28 of 1st period - Puck is out of play.
12:29 of 1st period - Alan Quine wins face-off versus Jordan Weal in Texas Stars zone.
12:38 of 1st period - Wrist shot by Connor Brickley.
12:38 of 1st period - Deflect By Josh Currie.
12:38 of 1st period - Stopped by Parker Milner without a rebound.
12:39 of 1st period - Jordan Weal wins face-off versus Alan Quine in Laval Rockets zone.
12:44 of 1st period - Wrist shot by Jordan Weal.
12:44 of 1st period - Stopped by Nick Schneider without a rebound.
12:45 of 1st period - Alan Quine wins face-off versus Tomas Nosek in Texas Stars zone.
12:50 of 1st period - Snap shot by Valeri Nichushkin.
12:50 of 1st period - Shot Misses the Net.
12:52 of 1st period - Snap shot by Henri Jokiharju.
12:52 of 1st period - Shot Misses the Net.
12:54 of 1st period - Snap shot by Tomas Nosek.
12:54 of 1st period - Stopped by Nick Schneider with a rebound.
12:56 of 1st period - Slapshot by Valeri Nichushkin.
12:56 of 1st period - Shot Blocked by Connor Brickley.
12:58 of 1st period - Snap shot by Jordan Weal.
12:58 of 1st period - Goal by Jordan Weal - Laval Rockets : 2 - Texas Stars : 0.
12:59 of 1st period - David Ullstrom wins face-off versus Alan Quine in neutral zone.
13:02 of 1st period - Slapshot by Jayce Hawryluk.
13:02 of 1st period - Stopped by Nick Schneider without a rebound.
13:03 of 1st period - Alan Quine wins face-off versus David Ullstrom in Texas Stars zone.
13:13 of 1st period - Chris Butler is hit by Connor Brickley and loses puck.
14:53 of 1st period - Snap shot by Sam Lafferty.
14:53 of 1st period - Shot Blocked by Radim Simek.
15:10 of 1st period - Icing by Jordan Weal.
15:11 of 1st period - Adam Brooks wins face-off versus Colin Blackwell in Laval Rockets zone.
15:27 of 1st period - Snap shot by Colin Blackwell.
15:27 of 1st period - Stopped by Parker Milner without a rebound.
15:28 of 1st period - Jordan Weal wins face-off versus Alan Quine in Laval Rockets zone.
15:45 of 1st period - Chris Butler is hit by Josh Currie and loses puck.
15:58 of 1st period - Wrist shot by Jayce Hawryluk.
15:58 of 1st period - Deflect By David Ullstrom.
15:58 of 1st period - Shot Misses the Net.
15:58 of 1st period - Puck is out of play.
15:59 of 1st period - Luke Johnson wins face-off versus David Ullstrom in Texas Stars zone.
15:59 of 1st period - Luke Johnson is hit by Jayce Hawryluk.
16:09 of 1st period - Wrist shot by Jayce Hawryluk.
16:09 of 1st period - Stopped by Nick Schneider with a rebound.
16:19 of 1st period - Jayce Hawryluk is hit by Cal Foote and loses puck.
16:24 of 1st period - Wrist shot by Luke Johnson.
16:24 of 1st period - Stopped by Parker Milner with a rebound.
16:26 of 1st period - Wrist shot by Luke Johnson.
16:26 of 1st period - Stopped by Parker Milner without a rebound.
16:27 of 1st period - Jordan Weal wins face-off versus Alan Quine in Laval Rockets zone.
16:27 of 1st period - Jordan Weal is hit by Alan Quine.
16:56 of 1st period - Minor Penalty to Rasmus Asplund for Roughing.
16:57 of 1st period - Alan Quine wins face-off versus Tomas Nosek in Laval Rockets zone.
16:57 of 1st period - Snap shot by Josh Currie.
16:57 of 1st period - Goal by Josh Currie - Laval Rockets : 2 - Texas Stars : 1.
16:58 of 1st period - Jordan Weal wins face-off versus Alan Quine in neutral zone.
17:25 of 1st period - Luke Johnson is hit by Jayce Hawryluk.
18:03 of 1st period - Jayden Halbgewachs is hit by Spencer Smallman and loses puck.
18:24 of 1st period - Wrist shot by Connor Brickley.
18:24 of 1st period - Shot Misses the Net.
18:26 of 1st period - Wrist shot by Josh Currie.
18:26 of 1st period - Stopped by Parker Milner with a rebound.
18:28 of 1st period - Wrist shot by Josh Currie.
18:28 of 1st period - Stopped by Parker Milner without a rebound.
18:29 of 1st period - Alan Quine wins face-off versus Jordan Weal in Laval Rockets zone.
18:38 of 1st period - Jordan Weal is hit by Connor Brickley and loses puck.
18:51 of 1st period - Juuso Riikola is hit by Jordan Weal and loses puck.
19:08 of 1st period - Valeri Nichushkin is hit by Alex Breton and loses puck.
19:18 of 1st period - Minor Penalty to Henri Jokiharju for Interference.
19:19 of 1st period - Luke Johnson wins face-off versus Tomas Nosek in Laval Rockets zone.
19:21 of 1st period - Slapshot by Luke Johnson.
19:21 of 1st period - Shot Blocked by Brendan Guhle.
19:25 of 1st period - Wrist shot by Sam Lafferty.
19:25 of 1st period - Shot Blocked by Tomas Nosek.
19:27 of 1st period - Slapshot by Juuso Riikola.
19:27 of 1st period - Stopped by Parker Milner without a rebound.
19:28 of 1st period - Tomas Nosek wins face-off versus Luke Johnson in Laval Rockets zone.
19:51 of 1st period - Wrist shot by Luke Johnson.
19:51 of 1st period - Shot Misses the Net.
19:53 of 1st period - Slapshot by Juuso Riikola.
19:53 of 1st period - Stopped by Parker Milner with a rebound.
19:55 of 1st period - Slapshot by Juuso Riikola.
19:55 of 1st period - Goal by Juuso Riikola - Laval Rockets : 2 - Texas Stars : 2.
19:56 of 1st period - David Ullstrom wins face-off versus Alan Quine in neutral zone.
Goals for this period are 2 for Laval Rockets vs 2 for Texas Stars.
Shots for this period are 11 for Laval Rockets vs 13 for Texas Stars.

2nd period


0:01 of 2nd period - David Ullstrom wins face-off versus Alan Quine in neutral zone.
0:14 of 2nd period - Wrist shot by Alexander Nylander.
0:14 of 2nd period - Shot Misses the Net.
0:16 of 2nd period - Snap shot by Casey Nelson.
0:16 of 2nd period - Shot Blocked by Cal Foote.
0:22 of 2nd period - Minor Penalty to Cal Foote for Roughing.
0:23 of 2nd period - Tomas Nosek wins face-off versus Alan Quine in Texas Stars zone.
1:20 of 2nd period - Tomas Nosek is hit by Juuso Riikola and loses puck.
2:03 of 2nd period - Wrist shot by Josh Currie.
2:03 of 2nd period - Stopped by Parker Milner with a rebound.
2:21 of 2nd period - Luke Witkowski is hit by Logan O'Connor and loses puck.
2:22 of 2nd period - Penalty to Cal Foote is over, Cal Foote is back on ice.
2:34 of 2nd period - Snap shot by Colin Blackwell.
2:34 of 2nd period - Shot Misses the Net.
2:36 of 2nd period - Wrist shot by Michael Dal Colle.
2:36 of 2nd period - Shot Misses the Net.
2:50 of 2nd period - Cal Foote is hit by Giovanni Fiore and loses puck.
3:12 of 2nd period - Icing by Tobias Lindberg.
3:13 of 2nd period - Phil Varone wins face-off versus David Ullstrom in Texas Stars zone.
3:18 of 2nd period - Slapshot by Cal Foote.
3:18 of 2nd period - Stopped by Parker Milner with a rebound.
4:11 of 2nd period - Minor Penalty to Phil Varone for Boarding.
4:12 of 2nd period - Alan Quine wins face-off versus Jordan Weal in Texas Stars zone.
4:18 of 2nd period - Icing by Jordan Weal.
4:19 of 2nd period - Jordan Weal wins face-off versus Alan Quine in Laval Rockets zone.
6:11 of 2nd period - Penalty to Phil Varone is over, Phil Varone is back on ice.
6:26 of 2nd period - Tobias Lindberg is hit by Rasmus Asplund.
6:30 of 2nd period - Logan O'Connor is hit by Tobias Lindberg and loses puck.
7:19 of 2nd period - Slapshot by Henri Jokiharju.
7:19 of 2nd period - Deflect By Adam Brooks.
7:19 of 2nd period - Shot Misses the Net.
7:19 of 2nd period - Puck is out of play.
7:20 of 2nd period - Alan Quine wins face-off versus Jordan Weal in Texas Stars zone.
7:20 of 2nd period - Alan Quine is hit by Valeri Nichushkin.
7:28 of 2nd period - Wrist shot by Alan Quine.
7:28 of 2nd period - Stopped by Parker Milner without a rebound.
7:29 of 2nd period - Alan Quine wins face-off versus Tomas Nosek in Laval Rockets zone.
7:44 of 2nd period - Slapshot by Alan Quine.
7:44 of 2nd period - Shot Blocked by Tomas Nosek.
7:46 of 2nd period - Snap shot by Alan Quine.
7:46 of 2nd period - Shot Blocked by Jordan Weal.
7:48 of 2nd period - Slapshot by Connor Brickley.
7:48 of 2nd period - Stopped by Parker Milner without a rebound.
7:49 of 2nd period - David Ullstrom wins face-off versus Luke Johnson in Laval Rockets zone.
8:04 of 2nd period - Snap shot by Alexander Nylander.
8:04 of 2nd period - Stopped by Nick Schneider with a rebound.
8:22 of 2nd period - Minor Penalty to Brendan Guhle for Hooking.
8:23 of 2nd period - Alan Quine wins face-off versus Tomas Nosek in Laval Rockets zone.
8:27 of 2nd period - Wrist shot by Josh Currie.
8:27 of 2nd period - Shot Misses the Net.
9:37 of 2nd period - Alan Quine is hit by Jayden Halbgewachs and loses puck.
10:00 of 2nd period - Sam Lafferty is hit by Radim Simek and loses puck.
10:22 of 2nd period - Penalty to Brendan Guhle is over, Brendan Guhle is back on ice.
10:35 of 2nd period - Slapshot by Henri Jokiharju.
10:35 of 2nd period - Shot Misses the Net.
10:52 of 2nd period - Tobias Lindberg is hit by Chris Butler and loses puck.
11:03 of 2nd period - Minor Penalty to David Ullstrom for Roughing.
11:04 of 2nd period - Alan Quine wins face-off versus Tomas Nosek in Laval Rockets zone.
11:07 of 2nd period - Slapshot by Connor Brickley.
11:07 of 2nd period - Deflect By Jordan Weal.
11:07 of 2nd period - Goal by Connor Brickley - Laval Rockets : 2 - Texas Stars : 3.
11:08 of 2nd period - Alan Quine wins face-off versus Jordan Weal in neutral zone.
11:15 of 2nd period - Slapshot by Alan Quine.
11:15 of 2nd period - Shot Blocked by Jordan Weal.
11:17 of 2nd period - Wrist shot by Connor Brickley.
11:17 of 2nd period - Shot Blocked by Henri Jokiharju.
11:19 of 2nd period - Snap shot by Alan Quine.
11:19 of 2nd period - Stopped by Parker Milner with a rebound.
11:21 of 2nd period - Slapshot by Cal Foote.
11:21 of 2nd period - Shot Misses the Net.
11:23 of 2nd period - Snap shot by Josh Currie.
11:23 of 2nd period - Stopped by Parker Milner with a rebound.
11:58 of 2nd period - Slapshot by Henri Jokiharju.
11:58 of 2nd period - Deflect By Rasmus Asplund.
11:58 of 2nd period - Shot Blocked by Michael Dal Colle.
11:58 of 2nd period - Puck is out of play.
11:59 of 2nd period - Jordan Weal wins face-off versus Alan Quine in Texas Stars zone.
12:10 of 2nd period - Snap shot by Alan Quine.
12:10 of 2nd period - Stopped by Parker Milner without a rebound.
12:11 of 2nd period - Jordan Weal wins face-off versus Alan Quine in Laval Rockets zone.
12:36 of 2nd period - Casey Nelson is hit by Cal Foote and loses puck.
12:57 of 2nd period - Snap shot by Michael Dal Colle.
12:57 of 2nd period - Stopped by Parker Milner with a rebound.
12:59 of 2nd period - Wrist shot by Tobias Lindberg.
12:59 of 2nd period - Deflect By Phil Varone.
12:59 of 2nd period - Shot Misses the Net.
12:59 of 2nd period - Puck is out of play.
13:00 of 2nd period - Phil Varone wins face-off versus Adam Brooks in Laval Rockets zone.
13:25 of 2nd period - Alan Quine is hit by Valeri Nichushkin and loses puck.
13:30 of 2nd period - Snap shot by Jordan Weal.
13:30 of 2nd period - Stopped by Nick Schneider with a rebound.
13:46 of 2nd period - Snap shot by Colin Blackwell.
13:46 of 2nd period - Goal by Colin Blackwell - Laval Rockets : 2 - Texas Stars : 4.
13:47 of 2nd period - Alan Quine wins face-off versus Jordan Weal in neutral zone.
15:07 of 2nd period - Slapshot by Brendan Guhle.
15:07 of 2nd period - Stopped by Nick Schneider without a rebound.
15:08 of 2nd period - Jordan Weal wins face-off versus Alan Quine in Texas Stars zone.
15:21 of 2nd period - Josh Currie is hit by Casey Nelson and loses puck.
15:53 of 2nd period - Wrist shot by Jordan Weal.
15:53 of 2nd period - Stopped by Nick Schneider with a rebound.
15:55 of 2nd period - Slapshot by Jordan Weal.
15:55 of 2nd period - Shot Misses the Net.
15:57 of 2nd period - Slapshot by Brendan Guhle.
15:57 of 2nd period - Stopped by Nick Schneider with a rebound.
16:13 of 2nd period - Wrist shot by Jordan Weal.
16:13 of 2nd period - Deflect By Tomas Nosek.
16:13 of 2nd period - Stopped by Nick Schneider with a rebound.
16:15 of 2nd period - Wrist shot by Valeri Nichushkin.
16:15 of 2nd period - Stopped by Nick Schneider with a rebound.
16:17 of 2nd period - Snap shot by Jordan Weal.
16:17 of 2nd period - Shot Misses the Net.
16:25 of 2nd period - Snap shot by Jordan Weal.
16:25 of 2nd period - Shot Misses the Net.
16:27 of 2nd period - Slapshot by Brendan Guhle.
16:27 of 2nd period - Stopped by Nick Schneider with a rebound.
16:29 of 2nd period - Wrist shot by Jordan Weal.
16:29 of 2nd period - Shot Misses the Net.
16:31 of 2nd period - Wrist shot by Valeri Nichushkin.
16:31 of 2nd period - Shot Blocked by Alan Quine.
16:33 of 2nd period - Slapshot by Casey Nelson.
16:33 of 2nd period - Stopped by Nick Schneider with a rebound.
16:35 of 2nd period - Wrist shot by Casey Nelson.
16:35 of 2nd period - Shot Misses the Net.
16:53 of 2nd period - Off-side.
16:54 of 2nd period - David Ullstrom wins face-off versus Luke Johnson in neutral zone.
17:03 of 2nd period - Jayce Hawryluk is hit by Sam Lafferty and loses puck.
17:16 of 2nd period - Minor Penalty to Jayce Hawryluk for Cross-checking.
17:17 of 2nd period - Luke Johnson wins face-off versus Adam Brooks in Laval Rockets zone.
19:16 of 2nd period - Penalty to Jayce Hawryluk is over, Jayce Hawryluk is back on ice.
19:48 of 2nd period - Snap shot by Colin Blackwell.
19:48 of 2nd period - Shot Misses the Net.
19:50 of 2nd period - Slapshot by Tobias Lindberg.
19:50 of 2nd period - Shot Misses the Net.
Goals for this period are 0 for Laval Rockets vs 2 for Texas Stars.
Shots for this period are 9 for Laval Rockets vs 10 for Texas Stars.

3rd period


0:01 of 3rd period - Sam Lafferty wins face-off versus Alexander Nylander in neutral zone.
0:26 of 3rd period - Valeri Nichushkin is hit by Josh Currie and loses puck.
0:35 of 3rd period - Snap shot by Jordan Weal.
0:35 of 3rd period - Stopped by Nick Schneider without a rebound.
0:36 of 3rd period - David Ullstrom wins face-off versus Alan Quine in Texas Stars zone.
0:55 of 3rd period - Minor Penalty to David Ullstrom for Unsportsmanlike conduct.
0:56 of 3rd period - Alan Quine wins face-off versus Tomas Nosek in Laval Rockets zone.
1:02 of 3rd period - Snap shot by Josh Currie.
1:02 of 3rd period - Shot Misses the Net.
1:28 of 3rd period - Snap shot by Sam Lafferty.
1:28 of 3rd period - Goal by Sam Lafferty - Laval Rockets : 2 - Texas Stars : 5.
1:28 of 3rd period - Landon Bow enters game.
1:29 of 3rd period - Jordan Weal wins face-off versus Luke Johnson in neutral zone.
1:43 of 3rd period - Snap shot by Jordan Weal.
1:43 of 3rd period - Stopped by Nick Schneider without a rebound.
1:44 of 3rd period - David Ullstrom wins face-off versus Alan Quine in Texas Stars zone.
1:45 of 3rd period - Wrist shot by Alexander Nylander.
1:45 of 3rd period - Stopped by Nick Schneider without a rebound.
1:46 of 3rd period - David Ullstrom wins face-off versus Alan Quine in Texas Stars zone.
1:53 of 3rd period - Wrist shot by Alexander Nylander.
1:53 of 3rd period - Goal by Alexander Nylander - Laval Rockets : 3 - Texas Stars : 5.
1:54 of 3rd period - Jordan Weal wins face-off versus Luke Johnson in neutral zone.
1:59 of 3rd period - Snap shot by Tomas Nosek.
1:59 of 3rd period - Shot Misses the Net.
2:49 of 3rd period - Wrist shot by Colin Blackwell.
2:49 of 3rd period - Shot Blocked by David Ullstrom.
3:03 of 3rd period - Slapshot by Alexander Nylander.
3:03 of 3rd period - Stopped by Nick Schneider without a rebound.
3:04 of 3rd period - Jordan Weal wins face-off versus Luke Johnson in Texas Stars zone.
3:05 of 3rd period - Snap shot by Valeri Nichushkin.
3:05 of 3rd period - Stopped by Nick Schneider with a rebound.
3:07 of 3rd period - Wrist shot by Valeri Nichushkin.
3:07 of 3rd period - Shot Blocked by Juuso Riikola.
3:09 of 3rd period - Backhand shot by Casey Nelson.
3:09 of 3rd period - Shot Blocked by Juuso Riikola.
3:11 of 3rd period - Snap shot by Jordan Weal.
3:11 of 3rd period - Stopped by Nick Schneider with a rebound.
3:13 of 3rd period - Wrist shot by Brendan Guhle.
3:13 of 3rd period - Stopped by Nick Schneider with a rebound.
3:15 of 3rd period - Snap shot by Brendan Guhle.
3:15 of 3rd period - Stopped by Nick Schneider without a rebound.
3:16 of 3rd period - Jordan Weal wins face-off versus Connor Brickley in Texas Stars zone.
3:21 of 3rd period - Wrist shot by Valeri Nichushkin.
3:21 of 3rd period - Shot Blocked by Cal Foote.
3:47 of 3rd period - Snap shot by Cale Fleury.
3:47 of 3rd period - Shot Misses the Net.
3:55 of 3rd period - Wrist shot by Sam Lafferty.
3:55 of 3rd period - Deflect By Luke Johnson.
3:55 of 3rd period - Shot Blocked by Rasmus Asplund.
3:55 of 3rd period - Puck is out of play.
3:56 of 3rd period - Phil Varone wins face-off versus David Ullstrom in Laval Rockets zone.
3:57 of 3rd period - Wrist shot by Michael Dal Colle.
3:57 of 3rd period - Stopped by Landon Bow without a rebound.
3:58 of 3rd period - David Ullstrom wins face-off versus Phil Varone in Laval Rockets zone.
4:03 of 3rd period - Phil Varone is hit by Henri Jokiharju and loses puck.
4:12 of 3rd period - Slapshot by Jayce Hawryluk.
4:12 of 3rd period - Goal by Jayce Hawryluk - Laval Rockets : 4 - Texas Stars : 5.
4:13 of 3rd period - Alan Quine wins face-off versus Valeri Nichushkin in neutral zone.
4:38 of 3rd period - Connor Brickley is hit by Chris Butler and loses puck.
4:49 of 3rd period - Snap shot by Connor Brickley.
4:49 of 3rd period - Stopped by Landon Bow without a rebound.
4:50 of 3rd period - Jordan Weal wins face-off versus Luke Johnson in Laval Rockets zone.
4:55 of 3rd period - Luke Johnson is hit by Jordan Weal and loses puck.
5:26 of 3rd period - Slapshot by Brad Hunt.
5:26 of 3rd period - Shot Misses the Net.
6:20 of 3rd period - Snap shot by Ryan Fitzgerald.
6:20 of 3rd period - Shot Blocked by Alan Quine.
6:42 of 3rd period - Wrist shot by Luke Witkowski.
6:42 of 3rd period - Shot Misses the Net.
6:44 of 3rd period - Wrist shot by Luke Witkowski.
6:44 of 3rd period - Stopped by Landon Bow without a rebound.
6:45 of 3rd period - Phil Varone wins face-off versus Jordan Weal in Laval Rockets zone.
6:52 of 3rd period - Snap shot by Michael Dal Colle.
6:52 of 3rd period - Stopped by Landon Bow with a rebound.
7:10 of 3rd period - David Ullstrom is hit by Luke Johnson and loses puck.
7:19 of 3rd period - Slapshot by Sam Lafferty.
7:19 of 3rd period - Stopped by Landon Bow with a rebound.
7:21 of 3rd period - Snap shot by Luke Johnson.
7:21 of 3rd period - Shot Misses the Net.
7:58 of 3rd period - Snap shot by Giovanni Fiore.
7:58 of 3rd period - Goal by Giovanni Fiore - Laval Rockets : 5 - Texas Stars : 5.
7:59 of 3rd period - Alan Quine wins face-off versus Jordan Weal in neutral zone.
8:41 of 3rd period - Snap shot by Logan O'Connor.
8:41 of 3rd period - Stopped by Nick Schneider without a rebound.
8:42 of 3rd period - Phil Varone wins face-off versus Adam Brooks in Texas Stars zone.
8:47 of 3rd period - Slapshot by Brad Hunt.
8:47 of 3rd period - Stopped by Landon Bow with a rebound.
8:49 of 3rd period - Slapshot by Cale Fleury.
8:49 of 3rd period - Shot Misses the Net.
8:51 of 3rd period - Slapshot by Cale Fleury.
8:51 of 3rd period - Stopped by Landon Bow with a rebound.
8:53 of 3rd period - Snap shot by Brad Hunt.
8:53 of 3rd period - Shot Blocked by Rasmus Asplund.
8:55 of 3rd period - Slapshot by Cale Fleury.
8:55 of 3rd period - Stopped by Landon Bow without a rebound.
8:56 of 3rd period - Jordan Weal wins face-off versus Alan Quine in Laval Rockets zone.
9:10 of 3rd period - Wrist shot by Tomas Nosek.
9:10 of 3rd period - Shot Misses the Net.
9:12 of 3rd period - Wrist shot by Tomas Nosek.
9:12 of 3rd period - Stopped by Nick Schneider without a rebound.
9:13 of 3rd period - David Ullstrom wins face-off versus Luke Johnson in Texas Stars zone.
9:26 of 3rd period - Snap shot by David Ullstrom.
9:26 of 3rd period - Shot Misses the Net.
10:05 of 3rd period - Snap shot by Logan O'Connor.
10:05 of 3rd period - Shot Blocked by Cale Fleury.
10:07 of 3rd period - Wrist shot by Chris Butler.
10:07 of 3rd period - Stopped by Nick Schneider without a rebound.
10:08 of 3rd period - Luke Johnson wins face-off versus David Ullstrom in Texas Stars zone.
10:34 of 3rd period - Jayce Hawryluk is hit by Michael Dal Colle.
10:47 of 3rd period - Off-side.
10:48 of 3rd period - Alan Quine wins face-off versus Jordan Weal in neutral zone.
11:05 of 3rd period - Jordan Weal is hit by Connor Brickley and loses puck.
11:44 of 3rd period - Snap shot by Michael Dal Colle.
11:44 of 3rd period - Stopped by Landon Bow with a rebound.
12:13 of 3rd period - Snap shot by Jayce Hawryluk.
12:13 of 3rd period - Stopped by Nick Schneider with a rebound.
12:51 of 3rd period - Henri Jokiharju is hit by Sam Lafferty and loses puck.
13:04 of 3rd period - Slapshot by Ryan Fitzgerald.
13:04 of 3rd period - Stopped by Nick Schneider with a rebound.
13:06 of 3rd period - Slapshot by Brendan Guhle.
13:06 of 3rd period - Stopped by Nick Schneider with a rebound.
14:42 of 3rd period - Michael Dal Colle is hit by Henri Jokiharju and loses puck.
14:49 of 3rd period - Snap shot by Alexander Nylander.
14:49 of 3rd period - Stopped by Nick Schneider without a rebound.
14:50 of 3rd period - Jordan Weal wins face-off versus Alan Quine in Texas Stars zone.
15:02 of 3rd period - Off-side.
15:03 of 3rd period - Alan Quine wins face-off versus Adam Brooks in neutral zone.
15:12 of 3rd period - Wrist shot by Josh Currie.
15:12 of 3rd period - Shot Blocked by Chris Butler.
16:17 of 3rd period - Ryan Fitzgerald is hit by Joseph Cramarossa and loses puck.
16:40 of 3rd period - Henri Jokiharju is hit by Brad Hunt and loses puck.
17:02 of 3rd period - Slapshot by Casey Nelson.
17:02 of 3rd period - Stopped by Nick Schneider with a rebound.
17:17 of 3rd period - Chris Breen is hit by Juuso Riikola and loses puck.
17:28 of 3rd period - Brad Hunt is hit by Valeri Nichushkin and loses puck.
18:02 of 3rd period - Connor Brickley is hit by Brendan Guhle and loses puck.
18:33 of 3rd period - Brad Hunt is hit by Valeri Nichushkin and loses puck.
19:37 of 3rd period - Cal Foote is hit by Casey Nelson and loses puck.
Goals for this period are 3 for Laval Rockets vs 1 for Texas Stars.
Shots for this period are 19 for Laval Rockets vs 10 for Texas Stars.

Overtime #1


0:01 of 1st overtime period - Tomas Nosek wins face-off versus Alan Quine in neutral zone.
0:58 of 1st overtime period - Alan Quine is hit by Jordan Weal and loses puck.
1:09 of 1st overtime period - Brendan Guhle is hit by Josh Currie and loses puck.
1:16 of 1st overtime period - Snap shot by Josh Currie.
1:16 of 1st overtime period - Deflect By Luke Johnson.
1:16 of 1st overtime period - Shot Blocked by Casey Nelson.
1:16 of 1st overtime period - Puck is out of play.
1:17 of 1st overtime period - Tomas Nosek wins face-off versus Alan Quine in Laval Rockets zone.
1:42 of 1st overtime period - Alexander Nylander is hit by Cal Foote and loses puck.
1:53 of 1st overtime period - Valeri Nichushkin is hit by Cale Fleury.
1:54 of 1st overtime period - Icing by Valeri Nichushkin.
1:55 of 1st overtime period - Alan Quine wins face-off versus Alexander Nylander in Laval Rockets zone.
3:16 of 1st overtime period - Jayden Halbgewachs is hit by Juuso Riikola and loses puck.
3:44 of 1st overtime period - Colin Blackwell is hit by Valeri Nichushkin and loses puck.
4:21 of 1st overtime period - Slapshot by Josh Currie.
4:21 of 1st overtime period - Goal by Josh Currie - Laval Rockets : 5 - Texas Stars : 6.
Goals for this period are 0 for Laval Rockets vs 1 for Texas Stars.
Shots for this period are 0 for Laval Rockets vs 1 for Texas Stars.